 Dungeon Crawl Stone Soup version 0.31.0-32-g396128a36d (webtiles) character file.

Game seed: 8172652082706890607

76 Curundu the Chopper (level 4, -5/61 HPs)
             Began as a Minotaur Berserker on Mar 21, 2024.
             Was a Believer of Trog.
             Slain by a gnoll
             ... wielding a +0 spear
              (8 damage)
             ... on level 2 of the Dungeon.
             The game lasted 00:03:17 (1526 turns).

Curundu the Chopper (Minotaur Berserker)            Turns: 1526, Time: 00:03:17

Health: -5/61      AC:  2    Str: 24    XL:     4   Next: 12%
Magic:  3/3        EV: 12    Int:  4    God:    Trog [**....]
Gold:   66         SH:  0    Dex:  9    Spells: 3/3 levels left

rFire   . . .        a - +0 hand axe
rCold   + . .        (no shield)
rNeg    . . .        b - +0 animal skin
rPois   .            (helmet restricted)
rElec   .            (no cloak)
rCorr   .            (no gloves)
SInv    .            (no boots)
Will    .....        (no amulet) Stlth
                     c - ring of protection from cold
HPRegen 0.30/turn    (no ring)
MPRegen 0.08/turn

%: no passive effects
@: berserking, very quick
A: horns 2, retaliatory headbutt
a: Renounce Religion, Berserk, Trog's Hand


You were on level 2 of the Dungeon.
You worshipped Trog.
Trog was pleased with you.
You visited 1 branch of the dungeon, and saw 2 of its levels.

You collected 66 gold pieces.

Inventory:

Hand Weapons
 a - a +0 hand axe (weapon)
Armour
 b - a +0 animal skin (worn)
Jewellery
 c - a ring of protection from cold (left hand)
Scrolls
 h - a scroll of noise {unknown}
 i - a scroll of identify {unknown}
 j - a scroll of fog {unknown}
 k - a scroll of enchant weapon {unknown}
Potions
 d - 2 potions of curing {unknown}
 e - a potion of mutation {unknown}
 f - a potion of degeneration {unknown}
 g - a potion of magic {unknown}


   Skills:
 + Level 4.6 Fighting
 + Level 4.6 Axes
 + Level 2.8 Armour
 + Level 3.0 Dodging


You had 3 spell levels left.
You didn't know any spells.
Your spell library was empty.

Dungeon Overview and Level Annotations

Branches:
Dungeon (2/15)

Altars:


Innate Abilities, Weirdness & Mutations

You have a pair of horns on your head.
You reflexively headbutt those who attack you in melee.


Message History

The gnoll misses you. The gnoll hits you with a +0 spear!
There is an open door here.
You hit the gnoll.
The gnoll is lightly wounded.
You hit the gnoll. x2
You kill the gnoll!
Trog accepts your kill. The gnoll hits you with a +0 spear.
* * * LOW HITPOINT WARNING * * *
The gnoll barely misses you. You furiously retaliate!
You headbutt the gnoll.
Your Dodging skill increases to level 3!
You barely miss the gnoll.
The gnoll is heavily wounded.
You hit the gnoll but do no damage. The gnoll barely misses you.
The gnoll hits you with a +0 spear.
* * * LOW HITPOINT WARNING * * *
Unknown command.
A red film seems to cover your vision as you go berserk!
You feel yourself moving faster!
You feel mighty! The gnoll closely misses you. The gnoll barely misses you.
You closely miss the gnoll. Your headbutt misses the gnoll.
The gnoll is heavily wounded.
You hit the gnoll. The gnoll hits you but does no damage.
The gnoll barely misses you.
You slash the gnoll!
The gnoll is almost dead.
You closely miss the gnoll. The gnoll hits you with a +0 spear.
* * * LOW HITPOINT WARNING * * *
The gnoll hits you with a +0 spear.
* * * LOW HITPOINT WARNING * * *
You hit the gnoll.
You kill the gnoll!
Trog accepts your kill.
You barely miss the gnoll.
You have reached level 4!
You feel stronger.
You barely miss the gnoll. Your headbutt misses the gnoll.
The gnoll is heavily wounded.
The gnoll hits you with a +0 spear!
You die...

#.#.##........#
#.#.......#+##
#.#######.#.######
#...# #.#.#....#
###.#####.#.#....#
#.........#....#
#######.###....#
#.#...))g# #.#
###@############# #.#
#.........†......
#.#.#.#.#############
#.#...#.....#
#.###P.P.P#.#
#....~~~P~~.##
#..~.~P♣♣~...#
##.P.~♣♣♣♣~P#.#
#..P~.~♣ ♣~~..#


You could see a gnoll.

Vanquished Creatures
  2 gnolls (D:2)
  A dart slug (D:2)
  3 ball pythons (D:1)
  6 bats
  3 endoplasms (D:1)
  8 giant cockroaches
  2 goblins (D:1)
  6 hobgoblins
  5 quokkas (D:1)
  4 frilled lizards
  6 kobolds
  A rat (D:2)
47 creatures vanquished.

Notes
Turn   | Place    | Note
-------+----------+-------------------------------------------
     0 | D:1      | Curundu the Minotaur Berserker began the quest for the Orb.
     0 | D:1      | Reached XP level 1. HP: 19/19 MP: 0/0
   251 | D:1      | Reached XP level 2. HP: 21/27 MP: 1/1
   772 | D:1      | Reached XP level 3. HP: 33/33 MP: 2/2
   824 | D:1      | Reached ** piety under Trog
  1524 | D:2      | HP: 2/51 [gnoll/+0 spear (4)]
  1526 | D:2      | Reached XP level 4. HP: 3/41 MP: 3/3
  1526 | D:2      | Slain by a gnoll

Illustrated notes

Levels and vault maps discovered:
D:1:      heliophobic_arrival_battle_scene, layout_basic
D:2:      layout_basic, serial_bayou, serial_bayou_pond_d, serial_bayou_pond_c,
          serial_bayou_pond_a, serial_bayou_crossing, minmay_worlds_worst_comb

Skill      XL: |  1  2  3 |
---------------+----------+-----
Axes           | 4 |  4.6
Fighting       | 4 |  4.6
Dodging        | 3 |  3.0
Armour         | |  2.8

Action                     |  1- 3 |  4- 6 || total
---------------------------+-------+-------++-------
  Melee: Hand axe          |    86 |     1 ||    87
         Headbutt          |     6 |       ||     6
         Punch             |     1 |       ||     1
 Invoke: Berserk           |     2 |       ||     2
 Armour: Animal skin       |    64 |     1 ||    65
  Dodge: Dodged            |    68 |       ||    68
